 Dungeon Crawl Stone Soup version 0.31.0-12-g77e489cdc1 (webtiles) character file.

Game seed: 8113209979697235375

30 Silvore the Trooper (level 3, -2/33 HPs)
             Began as a Minotaur Fighter on Feb 22, 2024.
             Slain by an orc
             ... wielding a +0 club
              (3 damage)
             ... on level 4 of the Dungeon.
             The game lasted 00:00:48 (952 turns).

Silvore the Trooper (Minotaur Fighter)               Turns: 952, Time: 00:00:49

Health: -2/33      AC:  7    Str: 22    XL:     3   Next: 5%
Magic:  2/2        EV:  9    Int:  5    God:
Gold:   74         SH:  4    Dex:  9    Spells: 2/2 levels left

rFire   . . .        a - +0 war axe
rCold   . . .        c - +0 buckler
rNeg    . . .        b - +0 scale mail
rPois   .            (helmet restricted)
rElec   .            (no cloak)
rCorr   .            (no gloves)
SInv    .            (no boots)
Will    .....        (no amulet) Stlth
                     (no ring)
HPRegen 0.25/turn    (no ring)
MPRegen 0.08/turn

%: no passive effects
@: no status effects
A: horns 2, retaliatory headbutt
a: no special abilities


You were on level 4 of the Dungeon.
You visited 1 branch of the dungeon, and saw 3 of its levels.

You collected 74 gold pieces.

Inventory:

Hand Weapons
 a - a +0 war axe (weapon)
Armour
 b - a +0 scale mail (worn)
 c - a +0 buckler (worn)
Jewellery
 h - a +4 ring of protection
Scrolls
 j - a scroll of noise {unknown}
Potions
 d - a potion of might
 e - a potion of curing {unknown}
 f - 2 potions of haste {unknown}
 g - a potion of invisibility {unknown}
 i - 2 potions of mutation {unknown}
 k - a potion of cancellation {unknown}


   Skills:
 + Level 4.1 Fighting
 + Level 2.7 Axes
 + Level 4.1 Armour
 + Level 4.0 Shields


You had 2 spell levels left.
You didn't know any spells.
Your spell library was empty.

Dungeon Overview and Level Annotations

Branches:
Dungeon (2/15)

Altars:


Innate Abilities, Weirdness & Mutations

You have a pair of horns on your head.
You reflexively headbutt those who attack you in melee.


Message History

* * * LOW HITPOINT WARNING * * *
The orc hits you but does no damage. The adder bites you but does no damage.
You slash the orc priest!
The orc priest is severely wounded.
You hit the adder. You barely miss the orc.
You feel sick. You block the adder's attack. You block the orc priest's attack.
The orc barely misses you. The adder closely misses you.
You furiously retaliate!
You headbutt the adder, but do no damage.
You closely miss the orc priest. You headbutt the orc priest.
The orc priest is almost dead.
You closely miss the adder. You hit the orc.
You feel sick.
You are no longer poisoned.
The orc priest closely misses you. The orc hits you but does no damage.
The adder closely misses you. The orc priest barely misses you.
The orc hits you with a +0 club.
* * * LOW HITPOINT WARNING * * *
The adder barely misses you. You furiously retaliate!
You headbutt the adder, but do no damage.
You hit the orc priest.
The orc priest is almost dead.
You hit the adder but do no damage. You closely miss the orc.
The adder closely misses you.
The orc priest hits you with a +0 short sword.
* * * LOW HITPOINT WARNING * * *
The orc closely misses you.
You miss the adder. You headbutt the adder.
The adder is heavily wounded.
You barely miss the orc priest. You hit the orc.
The adder bites you but does no damage.
The orc priest looks braver for a moment.
The orc hits you but does no damage. The adder completely misses you.
You block the orc priest's attack.
You slash the orc priest!
You kill the orc priest!
You hit the orc but do no damage. You closely miss the adder.
The adder bites you.
* * * LOW HITPOINT WARNING * * *
The adder bites you but does no damage. The orc hits you with a +0 club.
You die...

....... .......
.......## ..o.....#
........##
#..oo....##
#########o###
##oo## # ##@S## #.
##..## #.. ##..###
#..# #.....### #..#
.........#..####..#
.....[..####.....#
# ........##
###..## # ........#
##.# # ........#
##.### #


You could see an adder and 3 orcs.

Vanquished Creatures
  An orc priest (D:4)
  A white imp (D:4)
  2 endoplasms (D:1)
  A giant cockroach (D:1)
  3 goblins (D:1)
  3 hobgoblins
  3 kobolds (D:1)
  2 quokkas
  2 ball pythons
  2 bats
  2 rats
22 creatures vanquished.

Notes
Turn   | Place    | Note
-------+----------+-------------------------------------------
     0 | D:1      | Silvore the Minotaur Fighter began the quest for the Orb.
     0 | D:1      | Reached XP level 1. HP: 19/19 MP: 0/0
   170 | D:1      | Reached XP level 2. HP: 13/27 MP: 1/1
   811 | D:2      | You fall into a shaft and drop 2 floors!
   840 | D:4      | Reached XP level 3. HP: 14/33 MP: 2/2
   950 | D:4      | HP: 1/33 [orc priest/+0 short sword (3)]
   952 | D:4      | Slain by an orc

Illustrated notes

Levels and vault maps discovered:
D:1:      erik_arrival_orb_chamber, layout_loops_ring, serial_bayou_lake_a
D:2:      layout_loops_ring
D:4:      layout_cave_pods, uniq_natasha, uniq_eustachio

Skill      XL: |  1  2 |
---------------+-------+-----
Fighting       | 4 |  4.1
Armour         | 4 |  4.1
Shields        | 4 |  4.0
Axes           | |  2.7

Action                     || total
---------------------------++-------
  Melee: War axe           ||    41
         Headbutt          ||     4
    Use: Scroll            ||     1
 Armour: Scale mail        ||    44
  Dodge: Dodged            ||    26
  Block: Buckler           ||    11
